 Dungeon Crawl Stone Soup version 0.28.0-53-g5a82cb258f (webtiles) character file.

Game seed: 17958067766975817348

86 jamesp the Conjurer (level 4, -4/33 HPs)
             Began as a Draconian Conjurer on Aug 2, 2022.
             Slain by Natasha (6 damage)
             ... on level 2 of the Dungeon.
             The game lasted 00:05:06 (1613 turns).

jamesp the Conjurer (Draconian Conjurer)            Turns: 1613, Time: 00:05:06

Health: -4/33      AC:  5    Str:  9    XL:     4   Next: 26%
Magic:  3/8        EV: 12    Int: 19    God:
Gold:   37         SH:  0    Dex: 11    Spells: 7/8 levels left

rFire   + . .      SeeInvis .   d - +0 club
rCold   . . .      Faith    .   (no shield)
rNeg    . . .      Spirit   .   (armour unavailable)
rPois   .          Reflect  .   (helmet restricted)
rElec   .          Harm     .   (no cloak)
rCorr   .          Rampage  .   (no gloves)
Will    .....                   (no boots)
Stlth   ++........              k - amulet of the acrobat
HPRegen 0.11/turn               h - ring of protection from fire
MPRegen 0.11/turn               (no ring)

@: slowed, very slow
A: AC +5, unfitting armour, cold-blooded
a: no special abilities


You were on level 2 of the Dungeon.
You visited 1 branch of the dungeon, and saw 2 of its levels.

You collected 37 gold pieces.

Inventory:

Hand Weapons
 d - a +0 club (weapon)
Missiles
 b - 57 bolts
 f - 56 stones
Jewellery
 h - a ring of protection from fire (left hand)
 k - an amulet of the acrobat (around neck)
 l - an amulet of regeneration
Scrolls
 a - a scroll of enchant armour {unknown}
 g - 2 scrolls of identify {unknown}
 j - a scroll of silence {unknown}
Potions
 c - 2 potions of lignification {unknown}
 e - a potion of attraction {unknown}
 i - a potion of heal wounds {unknown}


   Skills:
 + Level 2.7 Dodging
 - Level 1.7 Stealth
 + Level 2.9 Spellcasting
 + Level 4.6 Conjurations


You had 7 spell levels left.
You knew the following spells:

 Your Spells              Type           Power      Damage    Failure   Level
a - Magic Dart            Conj           80%        1d7       2%          1

Your spell library contained the following spells:

 Spells                   Type           Power      Damage    Failure   Level
 Searing Ray              Conj           40%        2d5       3%          2
 Dazzling Flash           Conj/Hex       22%        N/A       19%         3
 Fulminant Prism          Conj/Hex       5%         3d7       52%         4
 Iskenderun's Mystic Bla  Conj/Tloc      11%        2d4       52%         4


Dungeon Overview and Level Annotations

Branches:
Dungeon (2/15)

Altars:

Annotations:
D:2 Natasha


Innate Abilities, Weirdness & Mutations

Your plain brown scales are hard. (AC +5)
You cannot fit into any form of body armour.
You are cold-blooded and may be slowed by cold attacks.


Message History

Natasha hisses angrily.
Natasha mumbles some strange words.
Natasha howls an incantation.
Natasha shimmers violently.
Natasha closely misses you. x2
You see here an adder corpse.
You barely miss Natasha.
You tail-slap Natasha, but do no damage.
Natasha closely misses you.
You closely miss Natasha.
Your tail-slap misses Natasha.
Natasha barely misses you.
Natasha mumbles some strange words.
You closely miss Natasha. You tail-slap Natasha.
Natasha is lightly wounded.
You feel yourself speed up. Natasha casts a spell at you.
You feel yourself slow down.
The crimson imp blinks!
Natasha claws you.
You hit Natasha.
Natasha is moderately wounded.
Natasha casts a spell.
Natasha claws you but does no damage.
You closely miss Natasha. You tail-slap Natasha.
Natasha is heavily wounded.
The white imp disappears in a puff of smoke!
The crimson imp blinks!
Natasha barely misses you. The white imp gestures at you.
The puff of frost misses you.
The puff of frost hits Natasha.
Natasha claws you. The white imp gestures at you. The puff of frost hits you.
* * * LOW HITPOINT WARNING * * *
Aiming: Magic Dart (safe; 2% risk of failure)
Press: ? - help, Q - select action, (/) - cycle Shift-Dir - straight line, f - Natasha
Aim: Natasha (severely wounded, 100% to hit)
The magic dart hits Natasha.
Natasha is severely wounded.
Natasha claws you.
* * * LOW HITPOINT WARNING * * *
The white imp misses you. Natasha claws you.
You die...

########### #.........#
###.#######.##############
............§.§h@5........
###.#######.######......)#
# #.# #.# #.......# #
#.#######†# #.......# #
#.#.....†.# ######### #
#.#.......# ###.#.......#
....#......## #####......#
######


You could see Natasha and a white imp (summoned).

Vanquished Creatures
  Natasha (D:2)
  An adder (D:2)
  A worm (D:2)
  2 dart slugs (D:1)
  4 ball pythons
  6 endoplasms
  2 giant cockroaches
  2 goblins
  4 hobgoblins
  2 quokkas
  7 bats
  2 frilled lizards (D:2)
  4 kobolds
  A rat (D:1)
39 creatures vanquished.

Vanquished Creatures (others)
  A fungus (D:1)
  3 plants (D:1)
4 creatures vanquished.

Grand Total: 43 creatures vanquished

Notes
Turn   | Place    | Note
-------+----------+-------------------------------------------
     0 | D:1      | jamesp the Draconian Conjurer began the quest for the Orb.
     0 | D:1      | Reached XP level 1. HP: 14/14 MP: 3/3
   206 | D:1      | Found a faded altar of an unknown god.
   276 | D:1      | Reached XP level 2. HP: 20/20 MP: 3/5
   732 | D:1      | Reached XP level 3. HP: 26/26 MP: 2/6
  1581 | D:2      | Noticed Natasha
  1592 | D:2      | Killed Natasha
  1593 | D:2      | Reached XP level 4. HP: 28/33 MP: 2/8
  1603 | D:2      | Noticed Natasha
  1613 | D:2      | Slain by Natasha

Illustrated notes

Levels and vault maps discovered:
D:1:      beargit_arrival_greenhouse, layout_basic,
          shapermc_ecumenical_altar_mp_urbaneastern
D:2:      layout_basic, uniq_natasha

Skill      XL: |  1 |
---------------+----+-----
Dodging        | 2 |  2.7
Stealth        | |  1.7
Spellcasting   | |  2.9
Conjurations   | |  4.6

Action                   |  1- 3 |  4- 6 || total
-------------------------+-------+-------++-------
Melee: Club              |    70 |     6 ||    76
       Tailslap          |    10 |     3 ||    13
       Punch             |     1 |       ||     1
 Cast: Magic Dart        |    63 |     3 ||    66
Armor: Skin              |    32 |     3 ||    35
Dodge: Dodged            |    75 |     8 ||    83
